 Dungeon Crawl Stone Soup version 0.26-a0-1181-gd376ed14c5 (webtiles) character file.

Game seed: 2375738439331326041

198 raph the Spear-Bearer (level 5, -9/38 HPs)
             Began as a Merfolk Gladiator on Dec 25, 2020.
             Was a Follower of Yredelemnul.
             Mangled by Blork the orc
             ... wielding a +0 glaive
              (16 damage)
             ... on level 4 of the Dungeon.
             The game lasted 00:04:16 (3194 turns).

raph the Spear-Bearer (Merfolk Gladiator)           Turns: 3194, Time: 00:04:18

Health: -9/38      AC:  5    Str: 13 (15) XL:     5   Next: 77%
Magic:  5/5        EV: 14    Int:  4 (7)  God:    Yredelemnul [*.....]
Gold:   135        SH:  0    Dex: 15 (16) Spells: 4/4 levels left

rFire    . . .     SeeInvis .   a - +0 trident
rCold    . . .     Faith    +   (no shield)
rNeg     . . .     Spirit   .   b - +0 leather armour
rPois    .         Reflect  .   c - +0 helmet
rElec    .         Harm     .   (no cloak)
rCorr    +         Rampage  .   q - +0 pair of gloves (curse)
Will     .....                  (no boots)
Stlth    +.........             m - amulet of faith
HPRegen  0.12/turn              s - ring of resist corrosion
MPRegen  0.09/turn              (no ring)

@: no status effects
A: change form in water, swift swim, stealthy swim
a: Renounce Religion, Animate Remains


You were on level 4 of the Dungeon.
You worshipped Yredelemnul.
Yredelemnul was aware of your devotion.
You visited 1 branch of the dungeon, and saw 4 of its levels.

You collected 135 gold pieces.

Inventory:

Hand Weapons
 a - a +0 trident (weapon)
Missiles
 d - 3 throwing nets (quivered)
Armour
 b - a +0 leather armour (worn)
 c - a +0 helmet (worn)
 q - a cursed +0 pair of gloves (worn)
Jewellery
 m - an amulet of faith (around neck)
 s - a ring of resist corrosion (left hand)
Wands
 x - a wand of digging (6)
Scrolls
 f - 6 scrolls of remove curse {unknown}
 h - 3 scrolls of identify {unknown}
 i - 3 scrolls of amnesia {unknown}
 j - 2 scrolls of blinking {unknown}
 k - 2 scrolls of teleportation {unknown}
 p - a scroll of noise {unknown}
 v - a scroll of enchant armour {unknown}
Potions
 e - a potion of degeneration
 g - 2 potions of curing
 r - a potion of magic {unknown}
 t - 2 potions of lignification {unknown}
 u - a potion of haste {unknown}
 w - a potion of heal wounds {unknown}


   Skills:
 - Level 2.1 Fighting
 + Level 9.1 Polearms
 - Level 2.0 Throwing
 - Level 4.0 Dodging


You had 4 spell levels left.
You didn't know any spells.
Your spell library was empty.

Dungeon Overview and Level Annotations

Branches:
Dungeon (4/15)
 Temple: D:4-7

Altars:
Sif Muna
Yredelemnul

Annotations:
D:4 Blork the orc


Message History

Blork the orc points at you and mumbles some strange words.
The puff of frost misses you.
Blork the orc gestures at you while chanting.
The puff of flame hits you.
It was a potion of resistance.
You feel protected. Blork the orc closely misses you.
It was a potion of brilliance.
You feel clever all of a sudden. Blork the orc barely misses you.
Blork the orc gestures at you while chanting.
The magic dart hits you.
* * * LOW HITPOINT WARNING * * *
It was a potion of cancellation.
Your magical effects are unravelling.
You feel magically purged.
You feel a little less clever now.
Your resistance to elements expires.
Blork the orc hits you from afar with a +0 glaive!
You die...
Your body rises from the dead as a mindless zombie.

.. #.# #. #.#
######.######.#####..
..........o..........
######.#####.#####.
#..# #.# ####.# #o#
#....## #.# #.....#
#@# #.....###.#
#####..##.# ##.##.###
#.#..#.. #.#..#(#
#.#..#.# #....#.#
##...#.#


You could see Blork the orc (fast).

Vanquished Creatures
  A scorpion (D:3)
  6 adders
  An ooze (D:1)
  4 worms
  2 dart slugs
  3 leopard geckos
  An orc (D:3)
  A ball python (D:3)
  10 bats
  3 giant cockroaches
  5 goblins
  10 hobgoblins
  6 jackals
  3 quokkas
  4 frilled lizards (D:1)
  5 kobolds
  7 rats
72 creatures vanquished.

Notes
Turn   | Place    | Note
-------+----------+-------------------------------------------
     0 | D:1      | raph the Merfolk Gladiator began the quest for the Orb.
     0 | D:1      | Reached XP level 1. HP: 16/16 MP: 1/1
    17 | D:1      | Reached skill level 5 in Polearms
    55 | D:1      | Reached XP level 2. HP: 2/22 MP: 2/2
   474 | D:1      | Reached skill level 6 in Polearms
   474 | D:1      | Reached XP level 3. HP: 27/27 MP: 3/3
   881 | D:2      | Reached skill level 7 in Polearms
   881 | D:2      | Reached XP level 4. HP: 26/33 MP: 4/4
  1282 | D:2      | Found a shimmering blue altar of Sif Muna.
  1609 | D:3      | Found a basalt altar of Yredelemnul.
  1621 | D:3      | Became a worshipper of Yredelemnul the Dark
  2072 | D:3      | Reached skill level 8 in Polearms
  2096 | D:3      | Reached XP level 5. HP: 16/38 MP: 5/5
  2527 | D:3      | Reached * piety under Yredelemnul
  2768 | D:3      | Reached skill level 9 in Polearms
  3168 | D:4      | Noticed Blork the orc
  3194 | D:4      | Mangled by Blork the orc

Illustrated notes

Levels and vault maps discovered:
D:1:      erik_arrival_blinker_ship, layout_rooms
D:2:      layout_rooms, led_sif_pool, minmay_pentomino_pile
D:3:      layout_basic, yredelemnul_altar_generic
D:4:      kennysheep_the_goblin_king, layout_basic, uniq_blork_the_orc

Skill      XL: |  1  2  3  4  5 |
---------------+----------------+-----
Polearms       | 5 6 7 8 9 |  9.1
Fighting       | |  2.1
Throwing       | |  2.0
Dodging        | |  4.0

Action                   |  1- 3 |  4- 6 || total
-------------------------+-------+-------++-------
Melee: Trident           |   110 |   172 ||   282
  Use: Potion            |       |     5 ||     5
 Stab: Sleeping          |     1 |     4 ||     5
Armor: Leather armour    |    19 |    35 ||    54
Dodge: Dodged            |    78 |   107 ||   185

Table legend: (Time is in decaauts)
 A = Elapsed time spent in this place.
 B = Non-inter-level travel time spent in this place.
 C = Inter-level travel time spent in this place.
 D = Time resting spent in this place.
 E = Time spent auto-exploring this place.
 F = Levels seen in this place.
 G = Mean time per level.
                   A        B        C        D        E       F      G
               +--------+--------+--------+--------+--------+-----+--------+
         Total |   3177 |   3133 |     44 |   1479 |   1045 |   4 |  794.2 |
       Dungeon |   3177 |   3133 |     44 |   1479 |   1045 |   4 |  794.2 |
               +--------+--------+--------+--------+--------+-----+--------+

Top non-repeatable levels by time:
     D:3: 1249 daAuts
     D:2: 863 daAuts
     D:1: 742 daAuts
     D:4: 321 daAuts
